cohdb
Replays
Latest Replays
All Replays
Popular Replays
Top Player Replays
Match Explorer
How It Works
Community
CoH3 Stats
Reddit
Sign in to upload your games and track your stats! →
Sign in with Steam
Match 39645373
Unlisted
Match 39645373
Overview
Messages
Build Orders
End
Construct Barracks
1⁄4-ton 4x4 Truck
Engineer Squad
Riflemen Squad
Riflemen Squad
Riflemen Squad
Riflemen Squad
Mechanized Support Center
Construct Motor Pool
M24 Chaffee Light Tank
Construct Medical Station
M24 Chaffee Light Tank
M1918 Browning Automatic Rifles
M8 Greyhound Armored Car
Genki
skychl4962
henry554
RodeVuurbal
0
0
Comments
sign in to comment!
No comments posted yet!